 Dungeon Crawl Stone Soup version 0.22.0-6-g71bd7aa (webtiles) character file.

73 letownia2 the Insei (level 4, 0/32 HPs)
             Began as a Demonspawn Transmuter on Aug 15, 2018.
             Succumbed to an orc wizard's poison
             ... on level 3 of the Dungeon.
             The game lasted 00:04:36 (800 turns).

letownia2 the Insei (Demonspawn Transmuter)          Turns: 800, Time: 00:04:37

Health: 0/32       AC:  5    Str: 11    XL:     4   Next: 8%
Magic:  3/7        EV: 16    Int: 15    God:
Gold:   134        SH:  0    Dex: 18    Spells: 1/7 levels left

rFire    + . .     SeeInvis .     - Unarmed
rCold    + . .     Gourm    .   (no shield)
rNeg     . . .     Faith    .   l - +0 ring mail
rPois    +         Spirit   .   (no helmet)
rElec    +         Reflect  .   (no cloak)
rCorr    +         Harm     .   (no gloves)
MR       .....                  (no boots)
Stlth    ++........             (no amulet)
HPRegen  0.10/turn              (no ring)
MPRegen  0.10/turn              (no ring)

@: agile, lethally poisoned (0 -> -3), resistant, very slightly contaminated
A: powered by death 1, spiny 1
a: no special abilities


You were on level 3 of the Dungeon.
You were not hungry.

You visited 1 branch of the dungeon, and saw 3 of its levels.

You collected 134 gold pieces.

Inventory:

Hand Weapons
 k - a +1 dagger of venom
Missiles
 a - 33 arrows
 c - 15 sling bullets
Armour
 b - a +0 robe
 f - a +0 leather armour
 l - a +0 ring mail (worn)
Scrolls
 g - a scroll of identify {unknown}
 h - a scroll of fog {unknown}
 i - a scroll of remove curse {unknown}
 j - a scroll of magic mapping {unknown}
Potions
 e - a potion of agility
Comestibles
 d - 2 rations


   Skills:
 - Level 1.0 Fighting
 - Level 1.7 Dodging
 + Level 4.2 Unarmed Combat
 - Level 2.0 Spellcasting
 + Level 2.3 Transmutations


You had one spell level left.
You knew the following spells:

 Your Spells              Type           Power        Failure   Level  Hunger
a - Beastly Appendage     Tmut           #.....       22%         1    #......
l - Sticks to Snakes      Tmut           #.......     32%         2    ###....
p - Spider Form           Tmut/Pois      #.........   71%         3    ###....

Your spell library contained the following spells:

 Spells                   Type           Power        Failure   Level  Hunger
 Blade Hands              Tmut           #.........   99%         5    ######.
 Ice Form                 Ice/Tmut       #.......     98%         4    #####..


Dungeon Overview and Level Annotations

Branches:
Dungeon (3/15)

Altars:
Trog
Uskayaw
The Shining One


Innate Abilities, Weirdness & Mutations

You regenerate a little health from kills.
You are partially covered in sharp spines.


Message History

You feel sick.
* * * LOW HITPOINT WARNING * * *
You feel sick.
* * * LOW HITPOINT WARNING * * *
You feel sick.
Items here: $ )))) [ †
There are no items here.
You swap places.
* * * LOW HITPOINT WARNING * * *
You feel sick.
Items here: $ )))) [ † You now have 134 gold pieces (gained 13).
Your adder withers and dies!
You butcher the orc corpse.
Items here: % )))) [ ÷ Eat one of 2 chunks of flesh? (ye/n/q)
You eat one of the 2 chunks of flesh.
This raw flesh tastes terrible.
* * * LOW HITPOINT WARNING * * *
You feel sick.
You die...

. . ..
###...###.##.#
. ..#
##.....##....#
. .
#.......#.####
#....._.....#
#.#.......#)#
...##.....##.#
.. ##...###.#
##.## #.# ...
#@# ##.# .#.#
##.#+#.#.##
#..........
#..........
#..........
#..........
#...(.......
#..<.......


There were no monsters in sight!

Vanquished Creatures
  An adder (D:2)
  A worm (D:3)
  A dart slug (D:1)
  A leopard gecko (D:1)
  5 orcs (D:3)
  2 giant cockroaches
  3 goblins (D:1)
  5 hobgoblins
  5 kobolds
  5 frilled lizards
  3 rats (D:1)
32 creatures vanquished.

Vanquished Creatures (collateral kills)
  An orc wizard (D:3)
1 creature vanquished.

Vanquished Creatures (others)
  A wizard (D:3)
1 creature vanquished.

Grand Total: 34 creatures vanquished

Notes
Turn   | Place    | Note
-------+----------+-------------------------------------------
     0 | D:1      | letownia2 the Demonspawn Transmuter began the quest for the Orb.
     0 | D:1      | Reached XP level 1. HP: 15/15 MP: 3/3
    67 | D:1      | Reached skill level 3 in Unarmed Combat
   138 | D:1      | Gained mutation: You regenerate a little health from kills. [demonic ancestry]
   138 | D:1      | Reached XP level 2. HP: 8/21 MP: 3/5
   407 | D:2      | Reached XP level 3. HP: 17/26 MP: 4/6
   432 | D:2      | Learned a level 2 spell: Sticks to Snakes
   436 | D:2      | Learned a level 3 spell: Spider Form
   549 | D:2      | Reached skill level 4 in Unarmed Combat
   620 | D:3      | Found a bloodstained altar of Trog.
   621 | D:3      | Noticed a wizard
   626 | D:3      | Killed a wizard
   694 | D:3      | Found a hide-covered altar of Uskayaw.
   737 | D:3      | Found a glowing golden altar of the Shining One.
   779 | D:3      | Gained mutation: You are partially covered in sharp spines. [demonic ancestry]
   779 | D:3      | Reached XP level 4. HP: 8/32 MP: 1/7
   797 | D:3      | HP: 1/32 [poisoned by an orc wizard]
   800 | D:3      | Succumbed to an orc wizard's poison

Skill      XL: |  1  2  3 |
---------------+----------+-----
Unarmed Combat | 3 4 |  4.2
Transmutations | 2 |  2.3
Fighting       | |  1.0
Dodging        | |  1.7
Spellcasting   | |  2.0

Action                   |  1- 3 |  4- 6 || total
-------------------------+-------+-------++-------
Melee: Unarmed           |   122 |       ||   122
       Kick              |    11 |       ||    11
       Headbutt          |     2 |       ||     2
 Cast: Beastly Appendage |    11 |       ||    11
       Spider Form       |     1 |       ||     1
       Sticks to Snakes  |     1 |       ||     1
  Use: Potion            |       |     2 ||     2
  Eat: Chunk             |       |     1 ||     1
Armor: Robe              |     3 |       ||     3
       Leather armour    |    10 |       ||    10
       Ring mail         |     2 |       ||     2
Dodge: Dodged            |    51 |       ||    51
